MLB
NEW YORK METS @ MIAMI MARLINS
09/06/2046
 
TOP OF THE 1ST
New York Mets batting - Pitching for Miami Marlins : RHP Bo Chia
Pitching: RHP Bo Chia
Batting: SHB Nelle van den Berg 0-0: Ball
1-0: Called Strike
1-1: Fly out, F5 (Popup, 56S, EV 85.6 MPH)
Batting: LHB Kevin Bellman 0-0: Swinging Strike
0-1: Ball
1-1: Ball
2-1: Swinging Strike
2-2: Foul Ball, location: 2F
2-2: Strikes out swinging
Batting: SHB Sean Cook 0-0: Ball
1-0: Ball
2-0: Foul Ball, location: 2F
2-1: Ball
3-1: Called Strike
3-2: Strikes out looking
Top of the 1st over - 0 runs, 0 hits, 0 errors, 0 left on base; New York 0 - Miami 0
BOTTOM OF THE 1ST
Miami Marlins batting - Pitching for New York Mets : RHP Chris Painter
Pitching: RHP Chris Painter
Batting: RHB Roger Salazar 0-0: Ground out 4-3 (Groundball, 4M, EV 85.6 MPH)
Batting: RHB Bert Clark 0-0: Swinging Strike
0-1: Foul Ball, location: 2F
0-2: SINGLE (Line Drive, 34D, EV 96.9 MPH)
Batting: LHB Andre Gorter 0-0: Ball
1-0: Grounds out, U3 (Groundball, 3L, EV 91.2 MPH)
Batting: RHB Jimmy Groseclose 0-0: SINGLE (Groundball, 56S, EV 68.8 MPH) (infield hit)
Bert Clark to third
Batting: RHB Micah Christopher 0-0: Called Strike
0-1: Ball
1-1: Called Strike
1-2: Strikes out swinging
Bottom of the 1st over - 0 runs, 2 hits, 0 errors, 2 left on base; New York 0 - Miami 0
TOP OF THE 2ND
New York Mets batting - Pitching for Miami Marlins : RHP Bo Chia
Batting: SHB Gus Berry 0-0: Ball
1-0: Ball
2-0: Foul Ball, location: 2F
2-1: Ground out U3 (Groundball, 3, EV 80.6 MPH)
Batting: SHB Harry Hoop 0-0: DOUBLE (Flyball, 8RXD, EV 97.5 MPH)
Batting: SHB Jonathan Jenkins 0-0: Ball
1-0: Ball
2-0: Called Strike
2-1: Foul Ball, location: 2F
2-2: Foul Ball, location: 2F
2-2: Ball
3-2: Strikes out swinging
Batting: RHB Jesus Chavez 0-0: Ball
1-0: Foul Ball, location: 2F
1-1: Foul Ball, location: 2F
1-2: Ground out 4-3 (Groundball, 4S, EV 72.5 MPH)
Top of the 2nd over - 0 runs, 1 hit, 0 errors, 1 left on base; New York 0 - Miami 0
BOTTOM OF THE 2ND
Miami Marlins batting - Pitching for New York Mets : RHP Chris Painter
Batting: RHB Mike Gar 0-0: Ball
1-0: Ball
2-0: Ball
3-0: Called Strike
3-1: Base on Balls
Batting: RHB Alberto Cotto 0-0: Called Strike
0-1: Ball
1-1: Swinging Strike
1-2: Ball
2-2: Foul Ball, location: 2F
2-2: Strikes out swinging
Batting: RHB Tony Stedman 0-0: Ball
1-0: Swinging Strike
1-1: Ball
Mike Gar steals 2nd base
2-1: Swinging Strike
2-2: Foul Ball, location: 2F
2-2: SINGLE (Groundball, 56D, EV 101.9 MPH)
Mike Gar to third
Runner from 3rd tries for Home, SAFE, throw by LF to home
Batting: RHB Alex Munoz 0-0: Fly out, F2 (Popup, 2RF, EV 90.0 MPH)
Batting: RHB Roger Salazar 0-0: Ball
1-0: Ball
Tony Stedman steals 2nd base (no throw)
2-0: Called Strike
2-1: Swinging Strike
2-2: Foul Ball, location: 2F
2-2: SINGLE (Groundball, 23, EV 66.2 MPH) (infield hit)
Tony Stedman to third
Batting: RHB Bert Clark 0-0: Called Strike
0-1: Ball
1-1: Ball
2-1: Ball
3-1: Swinging Strike
3-2: Foul Ball, location: 2F
3-2: Base on Balls
Roger Salazar to second
Batting: LHB Andre Gorter 0-0: Foul Ball, location: 2F
0-1: Foul Ball, location: 2F
0-2: Ball
1-2: Foul Ball, location: 2F
1-2: Foul Ball, location: 2F
1-2: Ball
2-2: Ball
3-2: Foul Ball, location: 2F
3-2: SINGLE (Groundball, 15S, EV 70.0 MPH) (infield hit)
Tony Stedman scores
Roger Salazar to third
Bert Clark to second
Batting: RHB Jimmy Groseclose 0-0: Swinging Strike
0-1: SINGLE (Groundball, 56D, EV 101.2 MPH)
Roger Salazar scores
Bert Clark to third
Andre Gorter to second
Runner from 3rd tries for Home, throw by LF and OUT! 7-2
Bottom of the 2nd over - 3 runs, 4 hits, 0 errors, 2 left on base; New York 0 - Miami 3
TOP OF THE 3RD
New York Mets batting - Pitching for Miami Marlins : RHP Bo Chia
Batting: SHB Roberto Magne 0-0: Foul Ball, location: 2F
0-1: Ball
1-1: Foul Ball, location: 2F
1-2: Strikes out swinging
Batting: LHB Sal Fernandez 0-0: Foul Ball, location: 2F
0-1: Ball
1-1: Ball
2-1: Swinging Strike
2-2: Ball
3-2: Strikes out swinging
Batting: SHB Nelle van den Berg 0-0: Ball
1-0: Ball
2-0: Called Strike
2-1: Swinging Strike
2-2: Ball
3-2: Ground out 4-3 (Groundball, 4M, EV 80.0 MPH)
Top of the 3rd over - 0 runs, 0 hits, 0 errors, 0 left on base; New York 0 - Miami 3
BOTTOM OF THE 3RD
Miami Marlins batting - Pitching for New York Mets : RHP Chris Painter
Batting: RHB Micah Christopher 0-0: Called Strike
0-1: Ground out 1-3 (Groundball, 15S, EV 76.2 MPH)
Batting: RHB Mike Gar 0-0: Ball
1-0: Foul Ball, location: 2F
1-1: Foul Ball, location: 2F
1-2: Strikes out looking
Batting: RHB Alberto Cotto 0-0: Foul Ball, location: 2F
0-1: Ball
1-1: Foul Ball, location: 2F
1-2: Ball
2-2: Reached on error, E4 (Groundball, 4, EV 83.8 MPH)
Batting: RHB Tony Stedman 0-0: Ground out 5-3 (Groundball, 56, EV 96.9 MPH)
Bottom of the 3rd over - 0 runs, 0 hits, 1 error, 1 left on base; New York 0 - Miami 3
TOP OF THE 4TH
New York Mets batting - Pitching for Miami Marlins : RHP Bo Chia
Batting: LHB Kevin Bellman 0-0: Called Strike
0-1: Ball
1-1: DOUBLE (Flyball, 9LD, EV 107.5 MPH)
Batting: SHB Sean Cook 0-0: Ball
1-0: Ball
2-0: Ball
3-0: Called Strike
3-1: Called Strike
3-2: Foul Ball, location: 2F
3-2: Foul Ball, location: 2F
3-2: Foul Ball, location: 2F
3-2: Base on Balls
Batting: SHB Gus Berry 0-0: Called Strike
0-1: Foul Ball, location: 2F
0-2: Ball
1-2: Foul Ball, location: 2F
1-2: Foul Ball, location: 2F
1-2: Ball
2-2: Strikes out looking
Batting: SHB Harry Hoop 0-0: Foul Ball, location: 2F
0-1: DOUBLE (Flyball, 8RXD, EV 91.2 MPH)
Kevin Bellman scores
Sean Cook to third
Batting: SHB Jonathan Jenkins 0-0: Foul Ball, location: 2F
0-1: Hit by Pitch
Batting: RHB Jesus Chavez 0-0: Swinging Strike
0-1: Fly out, F7 (Flyball, 78M, EV 93.8 MPH)
Runner from 3rd tags up, SCORES, no throw by LF
Batting: SHB Roberto Magne 0-0: Foul Ball, location: 2F
0-1: Ball
1-1: Foul Ball, location: 2F
1-2: Foul Ball, location: 2F
1-2: Strikes out swinging
Top of the 4th over - 2 runs, 2 hits, 0 errors, 2 left on base; New York 2 - Miami 3
BOTTOM OF THE 4TH
Miami Marlins batting - Pitching for New York Mets : RHP Chris Painter
Batting: RHB Alex Munoz 0-0: Ball
1-0: Foul Ball, location: 2F
1-1: Foul Ball, location: 2F
1-2: Strikes out swinging
Batting: RHB Roger Salazar 0-0: Ball
1-0: Ball
2-0: Called Strike
2-1: SINGLE (Line Drive, 89M, EV 100.0 MPH)
Batting: RHB Bert Clark 0-0: Ball
Roger Salazar steals 2nd base
1-0: Foul Ball, location: 2F
1-1: Ground out 6-3 (Groundball, 6, EV 83.8 MPH)
Roger Salazar to third
Batting: LHB Andre Gorter 0-0: Called Strike
0-1: Ball
1-1: Foul Ball, location: 2F
1-2: Foul Ball, location: 2F
1-2: Fly out, F7 (Flyball, 7LD, EV 88.1 MPH)
Bottom of the 4th over - 0 runs, 1 hit, 0 errors, 1 left on base; New York 2 - Miami 3
TOP OF THE 5TH
New York Mets batting - Pitching for Miami Marlins : RHP Bo Chia
Batting: LHB Sal Fernandez 0-0: Ball
1-0: Called Strike
1-1: Foul Ball, location: 2F
1-2: Ball
2-2: Foul Ball, location: 2F
2-2: Fly out, F7 (Flyball, 7S, EV 80.0 MPH)
Batting: SHB Nelle van den Berg 0-0: Swinging Strike
0-1: Ball
1-1: Ball
2-1: Foul Ball, location: 2F
2-2: Ball
3-2: Base on Balls
Batting: LHB Kevin Bellman 0-0: Fielders Choice at 2nd, 5-4 (Groundball, 6, EV 89.4 MPH)
Batting: SHB Sean Cook 0-0: Ball
1-0: Ball
2-0: Ball
3-0: Called Strike
3-1: Fly out, F8 (Flyball, 78M, EV 78.8 MPH)
Top of the 5th over - 0 runs, 0 hits, 0 errors, 1 left on base; New York 2 - Miami 3
BOTTOM OF THE 5TH
Miami Marlins batting - Pitching for New York Mets : RHP Chris Painter
Batting: RHB Jimmy Groseclose 0-0: Foul Ball, location: 2F
0-1: Swinging Strike
0-2: Foul Ball, location: 2F
0-2: Ball
1-2: Strikes out swinging
Batting: RHB Micah Christopher 0-0: Ball
1-0: Called Strike
1-1: Foul Ball, location: 2F
1-2: Ground out 6-3 (Groundball, 56D, EV 101.2 MPH)
Batting: RHB Mike Gar 0-0: Fly out, F9 (Flyball, 9S, EV 80.0 MPH)
Bottom of the 5th over - 0 runs, 0 hits, 0 errors, 0 left on base; New York 2 - Miami 3
TOP OF THE 6TH
New York Mets batting - Pitching for Miami Marlins : RHP Bo Chia
Batting: SHB Gus Berry 0-0: SINGLE (Groundball, 3D, EV 98.8 MPH)
Batting: SHB Harry Hoop 0-0: Ball
1-0: Ball
2-0: Ball
3-0: Base on Balls
Gus Berry to second
Batting: SHB Jonathan Jenkins 0-0: Foul Ball, location: 2F
0-1: Ball
1-1: Ball
2-1: Ground out 5-3 (Groundball, 56, EV 83.8 MPH)
Gus Berry to third
Harry Hoop to second
Batting: RHB Jesus Chavez 0-0: Ball
1-0: Called Strike
1-1: DOUBLE (Line Drive, 3D, EV 101.2 MPH)
Gus Berry scores
Harry Hoop scores
Batting: SHB Roberto Magne 0-0: Intentional Walk
Pitching: RHP Ray Duncan
Batting: LHB Sal Fernandez 0-0: Foul Ball, location: 2F
0-1: Called Strike
0-2: Ball
1-2: Strikes out swinging
Batting: SHB Nelle van den Berg 0-0: Ball
1-0: Fly out, F7 (Flyball, 7LM, EV 72.5 MPH)
Top of the 6th over - 2 runs, 2 hits, 0 errors, 2 left on base; New York 4 - Miami 3
BOTTOM OF THE 6TH
Miami Marlins batting - Pitching for New York Mets : RHP Chris Painter
Batting: RHB Alberto Cotto 0-0: SINGLE (Groundball, 56D, EV 100.0 MPH)
Batting: RHB Tony Stedman 0-0: Fielders Choice at 2nd, 3-6 (Groundball, 3, EV 102.5 MPH)
Pinch Hitting: LHB Eric Bailey 0-0: Ball
1-0: Ball
2-0: Foul Ball, location: 2F
2-1: Ball
3-1: Base on Balls
Tony Stedman to second
Pitching: RHP Brian Wood
Batting: RHB Roger Salazar 0-0: Swinging Strike
0-1: Fly out, F7 (Line Drive, 78M, EV 91.9 MPH)
Batting: RHB Bert Clark 0-0: Foul Ball, location: 2F
0-1: Foul Ball, location: 2F
0-2: Strikes out swinging
Bottom of the 6th over - 0 runs, 1 hit, 0 errors, 2 left on base; New York 4 - Miami 3
TOP OF THE 7TH
New York Mets batting - Pitching for Miami Marlins : RHP Ray Duncan
Now at 2B: Ramon Martinez
Batting: LHB Kevin Bellman 0-0: Called Strike
0-1: Ball
1-1: Ground out 1-3 (Groundball, 13, EV 62.5 MPH)
Batting: SHB Sean Cook 0-0: Ball
1-0: Swinging Strike
1-1: Ball
2-1: Foul Ball, location: 2F
2-2: Fly out, F4 (Popup, 4D, EV 43.8 MPH)
Batting: SHB Gus Berry 0-0: Ball
1-0: Ball
2-0: Ball
3-0: Called Strike
3-1: Called Strike
3-2: Base on Balls
Batting: SHB Harry Hoop 0-0: Called Strike
0-1: Called Strike
0-2: Fielders Choice at 2nd, 6-4 (Groundball, 6, EV 90.0 MPH)
Top of the 7th over - 0 runs, 0 hits, 0 errors, 1 left on base; New York 4 - Miami 3
BOTTOM OF THE 7TH
Miami Marlins batting - Pitching for New York Mets : RHP Brian Wood
Pitching: LHP Xu-gang Zhou
Batting: LHB Andre Gorter 0-0: Ball
1-0: Fly out, F9 (Flyball, 9D, EV 91.9 MPH)
Batting: RHB Jimmy Groseclose 0-0: Ground out 4-3 (Groundball, 4, EV 90.0 MPH)
Batting: RHB Micah Christopher 0-0: Ball
1-0: Ball
2-0: SINGLE (Flyball, 56D, EV 85.0 MPH)
Batting: RHB Mike Gar 0-0: Ball
1-0: Called Strike
1-1: Ball
2-1: Swinging Strike
2-2: Ball
3-2: Base on Balls
Micah Christopher to second
Batting: RHB Alberto Cotto 0-0: Ball
1-0: Fly out, F3 (Popup, 3S, EV 75.6 MPH)
Bottom of the 7th over - 0 runs, 1 hit, 0 errors, 2 left on base; New York 4 - Miami 3
TOP OF THE 8TH
New York Mets batting - Pitching for Miami Marlins : RHP Ray Duncan
Pitching: RHP Chris Funderburg
Batting: SHB Jonathan Jenkins 0-0: Swinging Strike
0-1: Ball
1-1: Ball
2-1: Foul Ball, location: 2F
2-2: Ball
3-2: Base on Balls
Batting: RHB Jesus Chavez 0-0: Ball
1-0: Ball
2-0: Ball
3-0: Called Strike
3-1: Base on Balls
Jonathan Jenkins to second
Batting: SHB Roberto Magne 0-0: Ball
1-0: Ball
2-0: Ball
3-0: Called Strike
3-1: Foul Ball, location: 2F
3-2: Base on Balls
Jonathan Jenkins to third
Jesus Chavez to second
Batting: LHB Sal Fernandez 0-0: Grounds into double play, 3-2-3 (Groundball, 3L, EV 91.9 MPH)
Jesus Chavez to third
Roberto Magne to second
Batting: SHB Nelle van den Berg 0-0: Called Strike
0-1: Ball
1-1: Ball
2-1: Foul Ball, location: 2F
2-2: Ball
3-2: Fly out, F9 (Flyball, 9, EV 90.6 MPH)
Top of the 8th over - 0 runs, 0 hits, 0 errors, 2 left on base; New York 4 - Miami 3
BOTTOM OF THE 8TH
Miami Marlins batting - Pitching for New York Mets : LHP Xu-gang Zhou
Batting: RHB Tony Stedman 0-0: Ball
1-0: Foul Ball, location: 2F
1-1: Ball
2-1: SINGLE (Groundball, 56D, EV 100.6 MPH)
Pinch Hitting: RHB Justin Huff 0-0: Ball
1-0: Ball
2-0: Fielders Choice at 2nd, 4-6 (Groundball, 34S, EV 82.5 MPH)
Batting: RHB Roger Salazar 0-0: Ball
1-0: SINGLE (Flyball, 9S, EV 93.1 MPH)
Justin Huff to second
Runner from 2nd tries for 3rd, OUT! 9-5
Batting: RHB Bert Clark 0-0: Called Strike
0-1: Ground out 4-3 (Groundball, 34S, EV 83.1 MPH)
Bottom of the 8th over - 0 runs, 2 hits, 0 errors, 1 left on base; New York 4 - Miami 3
TOP OF THE 9TH
New York Mets batting - Pitching for Miami Marlins : RHP Chris Funderburg
Pitching: RHP Julian Bush
Now at 2B: Justin Huff
Batting: LHB Kevin Bellman 0-0: Ball
1-0: Foul Ball, location: 2F
1-1: Ball
2-1: Swinging Strike
2-2: Strikes out swinging
Batting: SHB Sean Cook 0-0: Foul Ball, location: 2F
0-1: Foul Ball, location: 2F
0-2: Foul Ball, location: 2F
0-2: Foul Ball, location: 2F
0-2: Strikes out looking
Batting: SHB Gus Berry 0-0: Ball
1-0: Called Strike
1-1: Swinging Strike
1-2: Ball
2-2: Foul Ball, location: 2F
2-2: Ground out 4-3 (Groundball, 4, EV 91.9 MPH)
Top of the 9th over - 0 runs, 0 hits, 0 errors, 0 left on base; New York 4 - Miami 3
BOTTOM OF THE 9TH
Miami Marlins batting - Pitching for New York Mets : LHP Xu-gang Zhou
Pitching: LHP Chris Thurner
Batting: LHB Andre Gorter 0-0: Ball
1-0: Ball
2-0: Ball
3-0: Called Strike
3-1: Base on Balls
Batting: RHB Jimmy Groseclose 0-0: Called Strike
Andre Gorter steals 2nd base
0-1: Called Strike
0-2: Ball
1-2: Ball
2-2: Strikes out swinging
Batting: RHB Micah Christopher 0-0: Ball
1-0: Ball
2-0: Fly out, F7 (Flyball, 7, EV 88.8 MPH)
Batting: RHB Mike Gar 0-0: Ball
1-0: Foul Ball, location: 2F
1-1: Swinging Strike
1-2: Strikes out swinging
Bottom of the 9th over - 0 runs, 0 hits, 0 errors, 1 left on base; New York 4 - Miami 3
Tuesday, September 13th , 2022 - OOTP Baseball 23.7 Build 88